 Dungeon Crawl Stone Soup version 0.18.1-47-g9310371 (webtiles) character file.

494 qqqbard the Summoner (level 6, -1/32 HPs)
             Began as a Deep Elf Summoner on June 17, 2016.
             Killed from afar by Antithesis's ghost (17 damage)
             ... with a spray of energy
             ... on level 5 of the Dungeon.
             The game lasted 00:22:40 (4240 turns).

qqqbard the Summoner (Deep Elf Summoner)            Turns: 4240, Time: 00:22:41

Health: -1/32      AC:  3    Str:  5    XL:     6   Next: 92%
Magic:  26/30      EV: 13    Int: 22    God:
Gold:   191        SH:  0    Dex: 15    Spells: 4 memorised, 2 levels left

rFire  + . .     SeeInvis .     y - +9 dagger of the Wilderness {pierce, rF+ MP+9}
rCold  . . .     Gourm    .     a - +0 robe
rNeg   . . .     Faith    .     (no shield)
rPois  .         Spirit   .     (no helmet)
rElec  .         Dismiss  .     p - +0 cloak
rCorr  .         Reflect  .     (no gloves)
SustAt .         Harm     .     (no boots)
MR     .....                    (no amulet)
Stlth  ++........               f - ring of magical power
                                (no ring)

@: not resistant to hostile enchantments, unstealthy
A: no striking features
a: no special abilities


You were on level 5 of the Dungeon.
You were not hungry.

You visited 1 branch of the dungeon, and saw 5 of its levels.

You collected 191 gold pieces.

Inventory:

Hand Weapons
 y - the +9 dagger of the Wilderness (weapon) {pierce, rF+ MP+9}
   (You found it on level 4 of the Dungeon)

   It inflicts extra damage upon your enemies.
   It protects you from fire.
   It affects your magic capacity (+9).
Armour
 a - a +0 robe (worn)
 p - a +0 cloak (worn)
Jewellery
 f - a ring of magical power (right hand)
 x - an uncursed ring of stealth
 A - an uncursed ring of positive energy {unknown}
Scrolls
 c - 3 scrolls of noise {unknown}
 g - 2 scrolls of blinking {unknown}
 h - 3 scrolls of teleportation {unknown}
 i - 2 scrolls of identify {unknown}
 j - 2 scrolls of remove curse
 n - a scroll of enchant weapon {unknown}
 q - a scroll of enchant armour {unknown}
 r - 2 scrolls of immolation {unknown}
Potions
 d - a potion of agility
 e - a potion of brilliance {unknown}
 k - a potion of invisibility {unknown}
 l - a potion of curing
 m - a potion of degeneration {unknown}
 s - a potion of lignification {unknown}
 u - 2 potions of might {unknown}
 z - a potion of mutation {unknown}
 B - a potion of cancellation {unknown}
Books
 b - a book of Callings

   Spells                             Type                      Level
   a - Summon Small Mammal            Summoning                    1
   b - Call Imp                       Summoning                    2
   c - Call Canine Familiar           Summoning                    3
   d - Summon Guardian Golem          Hexes/Summoning              3
   e - Summon Lightning Spire         Summoning/Air                4
   f - Summon Ice Beast               Ice/Summoning                4
Comestibles
 t - 4 meat rations
 v - a fruit
 w - a slice of pizza


   Skills:
 - Level 2.5 Dodging
 - Level 2.5 Stealth
 - Level 3.0 Spellcasting
 * Level 9.1 Summonings


You had 2 spell levels left.
You knew the following spells:

 Your Spells              Type           Power        Failure   Level  Hunger
a - Summon Small Mammal   Summ           ####         1%          1    None
b - Call Imp              Summ           #####...     1%          2    ##.....
c - Call Canine Familiar  Summ           #####...     1%          3    ###....
d - Summon Guardian Gole  Hex/Summ       ###.....     8%          3    ###....


Dungeon Overview and Level Annotations

Branches:
Dungeon (5/15)             Temple (0/1) D:4

Altars:
Cheibriados
Elyvilon
Gozag
Nemelex Xobeh
Sif Muna
Trog
Yredelemnul
The Shining One

Annotations:
D:5 Antithesis's ghost, novice DECj


Message History

Your crimson imp barely misses Antithesis's ghost.
Your crimson imp closely misses Antithesis's ghost.
Your wolf bites the orc!
The orc dies!
Antithesis's ghost misses your crimson imp.
Your crimson imp blinks!
Your crimson imp hits Antithesis's ghost.
Your wolf bites Antithesis's ghost!
Your wolf barely misses Antithesis's ghost.
Antithesis's ghost shouts, "You will never get the ORB!"
Antithesis's ghost gestures at you while chanting.
The magic dart hits you!
Your crimson imp hits Antithesis's ghost.
Your wolf barely misses Antithesis's ghost. x2
Your wolf completely misses Antithesis's ghost.
Your crimson imp blinks!
Antithesis's ghost gestures at you while chanting.
The spray of energy hits you!
Ouch! That really hurt!
You die...

#......##
#.#
##...#.#
..# ##.##.#
#.# .#
#.##>#
#.§..#
#..### #..#
#@W#
#..$.5h)..$
#..###....#
#5# #$.#.
#. ..# #.
≈# # ≈


You could see Antithesis's ghost, a friendly wolf and 2 friendly crimson imps.

Vanquished Creatures (collateral kills)
  Eustachio (D:4)
  The ghost of qqqbard the Vandal, an amateur HaHu (D:3)
  An ogre (D:4)
  A howler monkey (D:4)
  A giant frog zombie (D:5)
  A crimson imp (D:5)
  3 hounds (D:4)
  2 orc wizards
  A giant frog skeleton (D:4)
  An orc priest (D:3)
  The ghost of CatHerder the Stinger, a weakling FeVM (D:4)
  2 worker ants (D:4)
  7 gnolls (D:2)
  6 adders
  An ooze (D:1)
  An adder skeleton (D:4)
  A worm (D:2)
  2 dart slugs
  3 giant geckos
  13 orcs
  10 bats
  2 giant cockroaches
  13 goblins
  8 hobgoblins
  3 jackals (D:5)
  4 quokkas
  A giant gecko skeleton (D:4)
  8 giant newts
  9 kobolds
  3 rats
111 creatures vanquished.

Notes
Turn   | Place    | Note
--------------------------------------------------------------
     0 | D:1      | qqqbard the Deep Elf Summoner began the quest for the Orb.
     0 | D:1      | Reached XP level 1. HP: 10/10 MP: 6/6
   327 | D:1      | Reached XP level 2. HP: 15/15 MP: 5/8
   982 | D:2      | Reached skill level 5 in Summonings
  1160 | D:2      | Reached XP level 3. HP: 18/19 MP: 6/9
  1656 | D:2      | Learned a level 2 spell: Call Imp
  1660 | D:2      | Learned a level 3 spell: Call Canine Familiar
  1710 | D:2      | Reached skill level 6 in Summonings
  1710 | D:2      | Reached XP level 4. HP: 22/24 MP: 0/10
  1899 | D:3      | Found a white marble altar of Elyvilon.
  1930 | D:3      | Noticed qqqbard's ghost (amateur HaHu)
  1946 | D:3      | Killed qqqbard's ghost
  1946 | D:3      | Reached XP level 5. HP: 25/28 MP: 4/11
  1993 | D:3      | Learned a level 3 spell: Summon Guardian Golem
  2151 | D:3      | Reached skill level 7 in Summonings
  2532 | D:3      | Found a faded altar to an unknown god.
  2996 | D:3      | Found a glowing golden altar of the Shining One.
  3148 | D:4      | Found a snail-covered altar of Cheibriados.
  3313 | D:4      | Found a deep blue altar of Sif Muna.
  3384 | D:4      | Noticed Eustachio
  3394 | D:4      | Killed Eustachio
  3394 | D:4      | Reached skill level 8 in Summonings
  3394 | D:4      | Reached XP level 6. HP: 28/32 MP: 12/12
  3400 | D:4      | Got a dazzling dagger
  3401 | D:4      | Identified the +9 dagger of the Wilderness {pierce, rF+ MP+9} (You found it on level 4 of the Dungeon)
  3433 | D:4      | Noticed CatHerder's ghost (weakling FeVM)
  3440 | D:4      | Killed CatHerder's ghost
  3530 | D:4      | Found a staircase to the Ecumenical Temple.
  3797 | D:4      | Found a bloodstained altar of Trog.
  3799 | D:4      | Found a basalt altar of Yredelemnul.
  3874 | D:4      | Found a sparkling altar of Nemelex Xobeh.
  3874 | D:4      | Found an opulent altar of Gozag.
  4145 | D:5      | Entered Level 5 of the Dungeon
  4154 | D:5      | Reached skill level 9 in Summonings
  4227 | D:5      | Noticed Antithesis's ghost (novice DECj)
  4240 | D:5      | Killed from afar by Antithesis's ghost

Skill      XL: |  1  2  3  4  5  6 |
---------------+-------------------+-----
Summonings     | 5 6 8 9 |  9.1
Dodging        | |  2.5
Stealth        | |  2.5
Spellcasting   | |  3.0

Action                   |  1- 3 |  4- 6 || total
-------------------------+-------+-------++-------
Melee: Unarmed           |     2 |     1 ||     3
 Cast: Summon Small Mamm |    62 |    37 ||    99
       Call Imp          |     4 |    35 ||    39
       Call Canine Famil |     1 |     8 ||     9
       Summon Guardian G |       |     4 ||     4
  Use: Potion            |       |     3 ||     3
       Scroll            |       |     2 ||     2
  Eat: Chunk             |     2 |     4 ||     6
       Bread ration      |       |     1 ||     1
       Beef jerky        |       |     1 ||     1
Armor: Robe              |     7 |    14 ||    21
Dodge: Dodged            |    58 |    80 ||   138
